 Dungeon Crawl Stone Soup version 0.20.1-1-g8b1a95d (webtiles) character file.

62 Lanoc the Skirmisher (level 4, -2/29 HPs)
             Began as a Kobold Fighter on Nov 23, 2017.
             Was an Initiate of Cheibriados.
             Slain by hilaritas's ghost (7 damage)
             ... on level 3 of the Dungeon.
             The game lasted 00:06:09 (1223 turns).

Lanoc the Skirmisher (Kobold Fighter)               Turns: 1223, Time: 00:06:10

Health: -2/29      AC:  7    Str: 20    XL:     4   Next: 28%
Magic:  1/4        EV:  9    Int: 10    God:    Cheibriados [......]
Gold:   39         SH: 10    Dex: 15    Spells: 3/3 levels left

rFire    . . .     SeeInvis .   a - +0 rapier
rCold    . . .     Gourm    .   c - +0 shield
rNeg     . . .     Faith    .   b - +0 scale mail
rPois    .         Spirit   .   (no helmet)
rElec    .         Reflect  .   (no cloak)
rCorr    .         Harm     .   h - +0 pair of gloves
MR       .....                  (no boots)
Stlth    ..........             (no amulet)
Regen    0.1/turn               (no ring)
MPRegen  0.1/turn               (no ring)

@: mighty, very slow
A: carnivore 3
a: Bend Time, Renounce Religion


You were on level 3 of the Dungeon.
You worshipped Cheibriados.
Cheibriados was noncommittal.
You were completely stuffed.

You visited 1 branch of the dungeon, and saw 3 of its levels.

You collected 39 gold pieces.

Inventory:

Hand Weapons
 a - a +0 rapier (weapon)
Armour
 b - a +0 scale mail (worn)
 c - a +0 shield (worn)
 h - a +0 pair of gloves (worn)
Scrolls
 e - 4 scrolls of remove curse {unknown}
 g - 2 scrolls of identify {unknown}
 i - a scroll of magic mapping {unknown}
 l - 2 scrolls of fog {unknown}
Comestibles
 f - 2 meat rations
 j - 2 chunks of flesh
 k - a royal jelly


   Skills:
 + Level 3.8 Fighting
 + Level 3.5 Short Blades
 + Level 2.7 Armour
 + Level 3.1 Shields


You had 3 spell levels left.
You didn't know any spells.

Dungeon Overview and Level Annotations

Branches:
Dungeon (3/15)

Altars:
Cheibriados

Annotations:
D:3 hilaritas's ghost, amateur FoFi


Innate Abilities, Weirdness & Mutations

You are small and have problems with some larger weapons.
You are carnivorous and can eat meat at any time.


Message History

You closely miss hilaritas's ghost.
Hilaritas's ghost is moderately damaged.
Hilaritas's ghost barely misses you.
You hit hilaritas's ghost.
Hilaritas's ghost is moderately damaged.
Hilaritas's ghost barely misses you.
You hit hilaritas's ghost.
Hilaritas's ghost is moderately damaged.
Hilaritas's ghost hits you!
* * * LOW HITPOINT WARNING * * *
You feel very mighty all of a sudden.
Hilaritas's ghost says, "You can hit me, but you can't hurt me."
Hilaritas's ghost closely misses you.
You fail to use your ability.
You block hilaritas's ghost's attack. The flow of time bends around you.
Hilaritas's ghost resists with some effort.
You feel slightly less full.
Hilaritas's ghost wails, "To die, to sleep, no more."
Hilaritas's ghost hits you!
You die...

.......#
..#...#
.....#
#....#
+....#
#....######
#..........
#..<.......
#W@........
#.#.#######
#....?
.....#.#
......# #
.#.#...#
..#.#...#
.. #. ...


You could see hilaritas's ghost.

Vanquished Creatures
  An adder (D:2)
  A worm (D:2)
  A dart slug (D:1)
  2 leopard geckos (D:2)
  2 goblins
  6 hobgoblins
  6 jackals
  9 bats
  6 frilled lizards
  5 kobolds
  7 rats
46 creatures vanquished.

Notes
Turn   | Place    | Note
-------+----------+-------------------------------------------
     0 | D:1      | Lanoc the Kobold Fighter began the quest for the Orb.
     0 | D:1      | Reached XP level 1. HP: 14/14 MP: 1/1
    33 | D:1      | Reached XP level 2. HP: 16/19 MP: 2/2
   330 | D:1      | Reached XP level 3. HP: 20/24 MP: 3/3
   797 | D:2      | Reached XP level 4. HP: 29/29 MP: 4/4
  1067 | D:2      | Found a snail-covered altar of Cheibriados.
  1075 | D:2      | Became a worshipper of Cheibriados the Contemplative
  1211 | D:3      | Noticed hilaritas's ghost (amateur FoFi)
  1223 | D:3      | Slain by hilaritas's ghost

Skill      XL: |  1  2  3 |
---------------+----------+-----
Short Blades   | 3 |  3.5
Shields        | 3 |  3.1
Fighting       | |  3.8
Armour         | |  2.7

Action                   |  1- 3 |  4- 6 || total
-------------------------+-------+-------++-------
Melee: Rapier            |   135 |    52 ||   187
Invok: Bend Time         |       |     1 ||     1
  Use: Potion            |       |     1 ||     1
  Eat: Chunk             |     8 |     2 ||    10
Armor: Scale mail        |    62 |    20 ||    82
Dodge: Dodged            |    56 |    27 ||    83
Block: Shield            |    75 |    32 ||   107
